 Dungeon Crawl Stone Soup version 0.25.1-2-g60ff931df9 (webtiles) character file.

Game seed: 3918864866819502017

2 gbos the Skirmisher (level 1, 0/21 HPs)
             Began as a Naga Fighter on Nov 18, 2020.
             Slain by a leopard gecko (2 damage)
             ... on level 1 of the Dungeon.
             The game lasted 00:00:02 (196 turns).

gbos the Skirmisher (Naga Fighter)                   Turns: 196, Time: 00:00:02

Health: 0/21       AC:  3    Str: 18    XL:     1   Next: 40%
Magic:  1/1        EV:  5    Int:  8    God:
Gold:   26         SH:  8    Dex: 10    Spells: 0/0 levels left

rFire    . . .     SeeInvis +   a - +0 war axe
rCold    . . .     Gourm    .   c - +0 kite shield
rNeg     . . .     Faith    .   b - +0 scale mail
rPois    +         Spirit   .   (no helmet)
rElec    .         Reflect  .   (no cloak)
rCorr    .         Harm     .   (no gloves)
MR       .....                  (no barding)
Stlth    ..........             (no amulet)
HPRegen  0.07/turn              (no ring)
MPRegen  0.07/turn              (no ring)

@: very slow
A: large, see invisible, deformed body, poison resistance, slowness 2, slow
metabolism 1, spit poison 1, AC +0
a: Spit Poison


You were on level 1 of the Dungeon.
You were not hungry.

You visited 1 branch of the dungeon, and saw 1 of its levels.

You collected 26 gold pieces.


Innate Abilities, Weirdness & Mutations

You cannot wear boots.
Your serpentine skin is tough. (AC +0)
You have supernaturally acute eyesight. (SInv)
Armour fits poorly on your strangely shaped body.
Your system is resistant to poisons. (rPois)
You cover ground very slowly.
You have a slow metabolism.
You can spit poison.


   Skills:
 - Level 3.0 Fighting
 + Level 2.2 Axes
 - Level 2.4 Armour
 - Level 2.4 Shields


You couldn't memorise any spells.
You didn't know any spells.
Your spell library was empty.

Inventory:

Hand Weapons
 a - a +0 war axe (weapon)
 g - a +0 club
Armour
 b - a +0 scale mail (worn)
 c - a +0 kite shield (worn)
Jewellery
 h - an uncursed ring of protection from cold {unknown}
Scrolls
 e - a scroll of enchant weapon {unknown}
Potions
 d - a potion of might
Comestibles
 f - a ration

Dungeon Overview and Level Annotations

Branches:
Dungeon (1/15)

Altars:


Message History

You closely miss the leopard gecko.
The leopard gecko is almost dead.
You slash the goblin!
You kill the goblin!
The leopard gecko barely misses you.
You closely miss the leopard gecko.
The leopard gecko is almost dead.
The leopard gecko bites you but does no damage.
The leopard gecko barely misses you.
You barely miss the leopard gecko.
The leopard gecko is almost dead.
The leopard gecko bites you but does no damage.
You block the leopard gecko's attack.
Your shield and scale mail prevent you from hitting the leopard gecko.
The leopard gecko is almost dead.
The leopard gecko bites you. You block the leopard gecko's attack.
You barely miss the leopard gecko.
The leopard gecko is almost dead.
The leopard gecko bites you.
You die...

##.#....#<.###
#..#.#.
..#.##.#....##.#..##.
#.#.##.#..##.#.#.###.
######.#.##.####
..##.###
................
######...
###.##.#.####### ####
#.##.#.####
#........)#
#.##.#.@###
.......)l......
#.##.##........ # #.
#........ #. .
......... .. #
......... . .........
#.........


You could see a leopard gecko.

Vanquished Creatures
  A goblin (D:1)
  A kobold (D:1)
2 creatures vanquished.

Notes
Turn   | Place    | Note
-------+----------+-------------------------------------------
     0 | D:1      | gbos the Naga Fighter began the quest for the Orb.
     0 | D:1      | Reached XP level 1. HP: 21/21 MP: 1/1
     0 | D:1      | 0 ||| counter = 225
    66 | D:1      | 66 ||| INVOKING Spit Poison.
   183 | D:1      | 183 ||| INVOKING Spit Poison.
   191 | D:1      | HP: 4/21 [leopard gecko (4)]
   195 | D:1      | HP: 1/21 [leopard gecko (2)]
   196 | D:1      | Slain by a leopard gecko

Levels and vault maps discovered:
D:1:      dpeg_arrival_signposts, layout_basic

Action                   || total
-------------------------++-------
Melee: War axe           ||    10
 Abil: Spit Poison       ||     2
Armor: Scale mail        ||     4
Dodge: Dodged            ||     4
Block: Kite shield       ||     6

Table legend:
 A = Non-vault XP
 B = Vault XP
 C = Vault XP percentage of total XP
 D = Non-vault monster count
 E = Vault monster count
 F = Vault count percentage of total count
                 A         B        C        D         E       F
            +---------+---------+-------+---------+---------+-------
      Total |       4 |       0 |   0.0 |       2 |       0 |   0.0
            +---------+---------+-------+---------+---------+-------
        D:1 |       4 |       0 |   0.0 |       2 |       0 |   0.0
            +---------+---------+-------+---------+---------+-------
